 Dungeon Crawl Stone Soup version 0.29-a0-409-gd843f3a48c (webtiles) character file.

Game seed: 12539195964398553649

400 snetch the Chopper (level 6, -6/75 (84) HPs)
             Began as a Minotaur Berserker on May 13, 2022.
             Was a Believer of Trog.
             Mangled by a wight
             ... wielding a +0 spear
              (9 damage)
             ... on level 4 of the Dungeon.
             The game lasted 00:05:54 (2693 turns).

snetch the Chopper (Minotaur Berserker)             Turns: 2693, Time: 00:05:55

HP:   -6/75 (84)    AC:  8    Str: 24    XL:     6   Next: 54%
MP:   5/5           EV: 11    Int:  4    God:    Trog [**....]
Gold: 220           SH:  0    Dex:  9    Spells: 5/5 levels left

rFire   . . .      SeeInvis .   r - +3 whip
rCold   . . .      Faith    .   (no shield)
rNeg    . . .      Spirit   .   e - +0 scale mail
rPois   .          Reflect  .   (helmet restricted)
rElec   .          Harm     .   g - +0 cloak
rCorr   .          Rampage  .   (no gloves)
Will    .....                   (no boots)
Stlth   ..........              (no amulet)
HPRegen 0.22/turn               (no ring)
MPRegen 0.09/turn               (no ring)

@: berserking (expiring), heavily drained, very quick
A: horns 2, retaliatory headbutt
a: Renounce Religion, Berserk, Trog's Hand


You were on level 4 of the Dungeon.
You worshipped Trog.
Trog was pleased with you.
You visited 1 branch of the dungeon, and saw 5 of its levels.

You collected 220 gold pieces.

Inventory:

Hand Weapons
 a - a +0 hand axe
 n - a +0 quarterstaff
 r - a +3 whip (weapon)
Missiles
 f - 71 stones (quivered)
 q - 2 javelins
Armour
 e - a +0 scale mail (worn)
 g - a +0 cloak (worn)
Jewellery
 j - a ring of willpower
Scrolls
 c - 2 scrolls of noise {unknown}
 h - 4 scrolls of identify {unknown}
 k - 3 scrolls of teleportation {unknown}
 m - a scroll of magic mapping {unknown}
Potions
 b - 2 potions of mutation {unknown}
 d - 5 potions of flight {unknown}
 i - 2 potions of heal wounds {unknown}
 l - a potion of berserk rage {unknown}
 o - 2 potions of curing {unknown}
 p - a potion of brilliance {unknown}
 s - a potion of degeneration {unknown}


   Skills:
 + Level 5.1 Fighting
 + Level 5.6(5.7) Axes
 + Level 0.3(3.8) Maces & Flails
 + Level 2.1 Staves
 + Level 4.6 Armour
 + Level 3.5 Dodging
 + Level 0.4 Stealth


You had 5 spell levels left.
You didn't know any spells.
Your spell library contained the following spells:

 Spells                   Type           Power      Damage    Failure   Level
 Sublimation of Blood     Necr           0%         N/A       90%         2
 Wereblood                Tmut           0%         N/A       90%         2
 Summon Hydra             Summ           0%         N/A       100%        7


Dungeon Overview and Level Annotations

Branches:
Dungeon (5/15)
 Temple: D:4-7

Altars:


Innate Abilities, Weirdness & Mutations

You have a pair of horns on your head.
You reflexively headbutt those who attack you in melee.


Message History

You are too injured to fight recklessly!
You are too injured to fight recklessly!
You are too injured to fight recklessly!
You are too injured to fight recklessly!
Unknown command.
A red film seems to cover your vision as you go berserk!
You feel yourself moving faster!
You feel mighty! The wight hits you but does no damage.
The wight hits you with a +3 short sword.
You feel drained.
You closely miss the wight. Your headbutt misses the wight.
The wight is lightly damaged.
The wight barely misses you.
The wight hits you with a +3 short sword!
* * * LOW HITPOINT WARNING * * *
You barely miss the wight. You hit the wight. You headbutt the wight!
The wight is almost destroyed.
The wight barely misses you.
The wight hits you with a +3 short sword.
* * * LOW HITPOINT WARNING * * *
You closely miss the wight.
The wight is almost destroyed.
You whack the wight!
You destroy the wight!
Trog accepts your kill.
The wight hits you from afar with a +0 spear!
* * * LOW HITPOINT WARNING * * *
You feel drained.
* * * LOW HITPOINT WARNING * * *
Your Staves skill increases to level 2!
The wight barely misses you.
Things that are here:
a +3 short sword; a +0 robe You whack the wight!
You headbutt the wight.
The wight is almost destroyed.
You barely miss the wight. Your headbutt misses the wight.
The wight is almost destroyed.
The wight hits you with a +0 spear!
You die...

#.# #########.# #.#
#.....†...# #.#
#.######### #.# #.#
#.. #.# #.# #.# #.#
#.# #z# #.# #@# #
###.## ###.###.#
#....# #.....#.###
#.##.# ####.#.#.....?
#.##.###
#.....)[...### #
.......# #.##.#.#.#.#
.
.#.#.#.####.##.....#.#
.......)...<.###...$.#
.#.#.#..###..# #.###.#


You could see a wight.

Vanquished Creatures
  A black bear (D:4)
  2 wights (D:4)
  An orc priest (D:3)
  An iguana (D:4)
  8 adders
  An ufetubus (D:4)
  2 worms
  A dart slug (D:2)
  6 orcs
  7 ball pythons
  4 bats
  2 endoplasms
  A giant cockroach (D:1)
  9 goblins
  3 hobgoblins
  A quokka (D:3)
  5 frilled lizards
  9 kobolds
  6 rats
70 creatures vanquished.

Notes
Turn   | Place    | Note
-------+----------+-------------------------------------------
     0 | D:1      | snetch the Minotaur Berserker began the quest for the Orb.
     0 | D:1      | Reached XP level 1. HP: 19/19 MP: 0/0
    69 | D:1      | Found a faded altar of an unknown god.
   175 | D:1      | Reached XP level 2. HP: 26/27 MP: 1/1
   630 | D:1      | Reached XP level 3. HP: 33/33 MP: 2/2
   894 | D:2      | Reached ** piety under Trog
  1037 | D:2      | Reached XP level 4. HP: 41/41 MP: 3/3
  1631 | D:3      | Reached skill level 5 in Axes
  1631 | D:3      | Reached XP level 5. HP: 35/47 MP: 4/4
  2236 | D:4      | Noticed a black bear
  2245 | D:4      | Killed a black bear
  2246 | D:4      | Reached skill level 1 in Staves
  2246 | D:4      | Reached XP level 6. HP: 28/55 MP: 5/5
  2481 | D:5      | Entered Level 5 of the Dungeon
  2676 | D:4      | Reached skill level 5 in Fighting
  2690 | D:4      | HP: 3/72 [wight/+0 spear (4)]
  2693 | D:4      | Mangled by a wight

Illustrated notes

Levels and vault maps discovered:
D:1:      lemuel_arrival_behind_the_door_large, layout_basic,
          hellmonk_ecumenical_altar_prayer_group
D:2:      layout_rooms
D:3:      layout_basic
D:4:      layout_loops_ring, serial_glass, glass_columns_a, glass_columns_a,
          glass_columns_b, glass_columns_a
D:5:      layout_basic, uniq_pikel, uniq_eustachio

Skill      XL: |  1  2  3  4  5  6 |
---------------+-------------------+-----
Fighting       | 4 5 |  5.1
Axes           | 4 5 |  5.6
Armour         | 3 4 |  4.6
Dodging        | 3 |  3.5
Staves         | 1 2 |  2.1
Maces & Flails | |  0.3
Stealth        | |  0.4

Action                   |  1- 3 |  4- 6 || total
-------------------------+-------+-------++-------
Melee: Hand axe          |    68 |    38 ||   106
       Headbutt          |    13 |    17 ||    30
       Punch             |     1 |       ||     1
       Quarterstaff      |       |    28 ||    28
       Whip              |       |    25 ||    25
Invok: Berserk           |       |     1 ||     1
Armor: Scale mail        |    30 |    34 ||    64
Dodge: Dodged            |    37 |    65 ||   102

Table legend: (Time is in decaauts)
 A = Elapsed time spent in this place.
 B = Non-inter-level travel time spent in this place.
 C = Inter-level travel time spent in this place.
 D = Time resting spent in this place.
 E = Time spent auto-exploring this place.
 F = Levels seen in this place.
 G = Mean time per level.
                   A        B        C        D        E       F      G
               +--------+--------+--------+--------+--------+-----+--------+
         Total |   2714 |   2596 |    118 |      0 |   1906 |   5 |  542.8 |
       Dungeon |   2714 |   2596 |    118 |      0 |   1906 |   5 |  542.8 |
               +--------+--------+--------+--------+--------+-----+--------+

Top non-repeatable levels by time:
     D:3: 863 daAuts
     D:1: 816 daAuts
     D:4: 540 daAuts
     D:2: 489 daAuts
     D:5: 4 daAuts
